 Dungeon Crawl Stone Soup version 0.30-a0-949-g53dc5368d7 (webtiles) character file.

Game seed: 10431836752634192784

647 Dirtsage the Ruffian (level 7, 0/52 HPs)
             Began as a Demonspawn Fighter on Mar 27, 2023.
             Slain by a gnoll
             ... wielding a +0 spear
              (6 damage)
             ... on level 4 of the Dungeon.
             The game lasted 00:09:13 (3007 turns).

Dirtsage the Ruffian (Demonspawn Fighter)           Turns: 3007, Time: 00:09:13

Health: 0/52       AC:  5    Str: 16    XL:     7   Next: 27%
Magic:  7/7        EV:  8    Int: 10    God:
Gold:   152        SH:  4    Dex: 14    Spells: 6/6 levels left

rFire   . . .      SeeInvis .      - Unarmed
rCold   . . .      Faith    .    c - +0 buckler
rNeg    . . .      Spirit   .    b - +0 scale mail
rPois   .          Reflect  .    (no helmet)
rElec   .          Rampage  .    (no cloak)
rCorr   .                        (no gloves)
Will    .....                    f - +0 pair of boots Stlth
                                 (no amulet)
HPRegen 0.28/turn                (no ring)
MPRegen 0.10/turn                (no ring)

@: corroded, sanguine armoured
A: claws 1, demonic guardian 1, powered by death 3, sanguine armour 1
a: no special abilities


You were on level 4 of the Dungeon.
You visited 1 branch of the dungeon, and saw 4 of its levels.

You collected 152 gold pieces.

Inventory:

Armour
 b - a +0 scale mail (worn)
 c - a +0 buckler (worn)
 f - a +0 pair of boots (worn)
Magical Staves
 m - a staff of fire
Wands
 D - a wand of digging (5)
Scrolls
 d - a scroll of enchant weapon {unknown}
 e - 4 scrolls of poison {unknown}
 g - 4 scrolls of teleportation {unknown}
 h - a scroll of vulnerability {unknown}
 k - a scroll of silence {unknown}
 l - a scroll of torment {unknown}
 o - 2 scrolls of immolation {unknown}
Potions
 a - a potion of curing {unknown}
 i - a potion of degeneration {unknown}
 j - a potion of haste {unknown}
 n - a potion of magic


   Skills:
 - Level 3.0 Fighting
 - Level 3.9 Long Blades
 - Level 2.6 Armour
 - Level 2.6 Shields
 * Level 6.1 Unarmed Combat


You had 6 spell levels left.
You didn't know any spells.
Your spell library contained the following spells:

 Spells                   Type           Power      Damage    Failure   Level
 Freeze                   Ice            0%         1d3       88%         1
 Sandblast                Erth           0%         2d4       88%         1
 Passwall                 Tmut/Erth      0%         N/A       95%         2
 Frozen Ramparts          Ice            0%         1d1       99%         3
 Hailstorm                Conj/Ice       0%         3d3       99%         3
 Stone Arrow              Conj/Erth      0%         3d7       99%         3


Dungeon Overview and Level Annotations

Branches:
Dungeon (4/15)
 Temple: D:4-7

Altars:
Uskayaw
Yredelemnul


Innate Abilities, Weirdness & Mutations

You have sharp fingernails.
A weak demonic guardian rushes to your aid.
You regenerate a lot of health from kills.
When seriously injured, your blood forms armour. (AC +6)


Message History

The jelly hits you.
Your blood congeals into armour.
You are splashed with acid!
A demonic guardian appears!
The gnoll hits you from afar with a +0 spear.
You take 16 damage, and have 22/52 hp.
MASSIVE DAMAGE!!
You barely miss the jelly.
The jelly is almost dead.
Your ufetubus hits the gnoll. x2; The jelly closely misses you.
The gnoll hits you but does no damage.
You scratch the jelly but do no damage.
Your claws burn!
The jelly is almost dead.
Your ufetubus hits the gnoll.
Your ufetubus hits the gnoll but does no damage.
The jelly hits you but does no damage.
The gnoll completely misses your ufetubus.
You take 3 damage, and have 19/52 hp.
You scratch the jelly but do no damage. The acid corrodes you!
Your claws burn!
The jelly is almost dead.
Your ufetubus hits the gnoll.
Your ufetubus barely misses the gnoll.
The jelly hits you but does no damage.
Your ufetubus hits the gnoll but does no damage.
Your ufetubus hits the gnoll. The gnoll misses your ufetubus.
You take 1 damage, and have 18/52 hp.
You scratch the jelly but do no damage.
Your claws burn!
* * * LOW HITPOINT WARNING * * *
The jelly is almost dead.
Your ufetubus closely misses the gnoll. x2; The jelly hits you.
* * * LOW HITPOINT WARNING * * *
You are splashed with acid.
* * * LOW HITPOINT WARNING * * *
A demonic guardian appears!
The gnoll hits your ufetubus with a +0 spear.
Your ufetubus dies!
Your ufetubus disappears in a puff of smoke!
The gnoll shouts!
You take 12 damage, and have 6/52 hp.
MASSIVE DAMAGE!!
It was a potion of magic.
Magic courses through your body. The jelly completely misses you.
An endoplasm comes into view.
The gnoll hits you from afar with a +0 spear.
You die...

#........# ... #........#
#.J....# #........+ +......#
###........# #......#
g..........####......#
.....................#
#...............#
#.........ยง.....#
###'##...gJ@....#
+....#.....5....#
##...#..........#####
######..............#
#..........)........#######
#...>........>............##
#(........######............
#.........+....#............
...........#.................


You could see a jelly (ally target), a gnoll, an endoplasm (wandering) and a
friendly quasit (summoned).

Vanquished Creatures
  The ghost of gohu the Chopper, an amateur HOFi (D:3)
  A human (D:3)
  A bullfrog (D:3)
  A human skeleton (D:3)
  Terence (D:2)
  5 adders
  2 river rats (D:3)
  3 worms (D:2)
  3 dart slugs
  An orc (D:4)
  6 ball pythons
  5 endoplasms
  5 giant cockroaches
  6 goblins
  9 hobgoblins
  2 jackals (D:1)
  12 bats
  5 frilled lizards
  A jackal skeleton (D:3)
  4 kobolds
  A kobold skeleton (D:3)
  11 rats
86 creatures vanquished.

Vanquished Creatures (collateral kills)
  An adder (D:2)
  An endoplasm (D:1)
2 creatures vanquished.

Grand Total: 88 creatures vanquished

Notes
Turn   | Place    | Note
-------+----------+-------------------------------------------
     0 | D:1      | Dirtsage the Demonspawn Fighter began the quest for the
                  | Orb.
     0 | D:1      | Reached XP level 1. HP: 18/18 MP: 1/1
   157 | D:1      | Gained mutation: A weak demonic guardian rushes to your
                  | aid. [demonic ancestry]
   157 | D:1      | Reached XP level 2. HP: 20/24 MP: 2/2
   503 | D:1      | Gained mutation: You regenerate a little health from kills.
                  | [demonic ancestry]
   503 | D:1      | Reached XP level 3. HP: 29/29 MP: 3/3
  1275 | D:2      | Found a faded altar of an unknown god.
  1292 | D:2      | Gained mutation: You have sharp fingernails. [demonic
                  | ancestry]
  1292 | D:2      | Reached XP level 4. HP: 27/35 MP: 4/4
  1483 | D:2      | Noticed Terence
  1493 | D:2      | Killed Terence
  1494 | D:2      | Reached skill level 1 in Unarmed Combat
  1536 | D:2      | Reached skill level 2 in Unarmed Combat
  1910 | D:3      | Noticed a bullfrog
  1910 | D:3      | Found a runed translucent door.
  1911 | D:3      | Noticed gohu's ghost (amateur HOFi)
  1919 | D:3      | Killed a bullfrog
  1920 | D:3      | Reached skill level 3 in Unarmed Combat
  1920 | D:3      | Gained mutation: You regenerate health from kills. [demonic
                  | ancestry]
  1920 | D:3      | Reached XP level 5. HP: 41/41 MP: 5/5
  1927 | D:3      | Killed gohu's ghost
  1928 | D:3      | Reached skill level 5 in Unarmed Combat
  1928 | D:3      | Gained mutation: You regenerate a lot of health from kills.
                  | [demonic ancestry]
  1928 | D:3      | Reached XP level 6. HP: 23/47 MP: 6/6
  2121 | D:3      | Found a runed translucent door.
  2121 | D:3      | Noticed a human
  2127 | D:3      | Found a basalt altar of Yredelemnul.
  2161 | D:3      | Killed a human
  2162 | D:3      | Gained mutation: When seriously injured, your blood forms
                  | armour. (AC +6) [demonic ancestry]
  2162 | D:3      | Reached XP level 7. HP: 38/52 MP: 7/7
  2195 | D:3      | Reached skill level 6 in Unarmed Combat
  2576 | D:3      | Found a glowing drain.
  2936 | D:4      | Found a hide-covered altar of Uskayaw.
  3007 | D:4      | Slain by a gnoll

Illustrated notes

Levels and vault maps discovered:
D:1:      giann_bridges, layout_basic
D:2:      layout_basic, basic_ecumenical_altar, uniq_terence
D:3:      layout_loops_corners, nicolae_tso_swordbearing_angel,
          dk_yredelemnul_ordeal, portal_sewer_entry_a, ebering_ghost_sewer_d,
          hangedman_decor_points
D:4:      layout_gridville, zin_scriptorium, mainiacjoe_overflow_chevrons,
          kennysheep_generic_room_5

Skill      XL: |  1  2  3  4  5  6  7 |
---------------+----------------------+-----
Long Blades    | 2 3 |  3.9
Unarmed Combat | 3 5 6 |  6.1
Fighting       | |  3.0
Armour         | |  2.6
Shields        | |  2.6

Action                     |  1- 3 |  4- 6 |  7- 9 || total
---------------------------+-------+-------+-------++-------
  Melee: Long sword        |   130 |    43 |       ||   173
         Unarmed           |       |    46 |    69 ||   115
    Use: Potion            |       |     1 |     1 ||     2
   Stab: Distracted        |       |     2 |       ||     2
 Armour: Scale mail        |    72 |    28 |    33 ||   133
  Dodge: Dodged            |    64 |    35 |    20 ||   119
  Block: Buckler           |    31 |    22 |    10 ||    63

Table legend: (Time is in decaauts)
 A = Elapsed time spent in this place.
 B = Non-inter-level travel time spent in this place.
 C = Inter-level travel time spent in this place.
 D = Time resting spent in this place.
 E = Time spent auto-exploring this place.
 F = Levels seen in this place.
 G = Mean time per level.
                   A        B        C        D        E       F      G
               +--------+--------+--------+--------+--------+-----+--------+
         Total |   3051 |   2979 |     72 |      4 |   2308 |   4 |  762.8 |
       Dungeon |   3051 |   2979 |     72 |      4 |   2308 |   4 |  762.8 |
               +--------+--------+--------+--------+--------+-----+--------+

Top non-repeatable levels by time:
     D:2: 1052 daAuts
     D:3: 1002 daAuts
     D:1: 902 daAuts
     D:4: 93 daAuts
